Map: 零纪元-天梯版

Players

msrm

  • Race: Zerg Zerg
  • League: Master

Harstem - Winner!

  • Race: Protoss Protoss

Event: WESG 2018 Grand Finals

VOD

Have the link to the VOD?

Description

Time

  • Played on: March 11, 2019, 1:55 a.m.
  • Length: 7:05

All games in this series

Show
View Real Time Build Order
Export as new Build Order

msrm Zerg 

Build Orders: Hatch First 

Get SALT Encoding   

  12  0:01  Drone  
  13  0:14  Overlord  
  13  0:18  Drone  
  14  0:33  Drone x2  
  16  0:50  Hatchery  
  16  0:53  Drone  
  16  0:56  Drone  
  17  0:59  Drone  
  18  1:10  Extractor  
  17  1:15  Spawning Pool  
  16  1:18  Drone  
  16  1:22  Drone  
  18  1:30  Drone  
  19  1:41  Drone  
  20  1:51  Overlord  
  20  2:01  Queen  
  20  2:02  Queen  
  20  2:03  Zergling x4  
  26  2:11  Metabolic Boost  
  26  2:14  Drone  
  27  2:17  Drone  
  28  2:24  Zergling x4  
  31  2:37  Zergling x4  
  32  2:45  Hatchery  
  32  2:48  Drone  
  32  2:49  Drone  
  33  2:56  Drone  
  34  2:59  Overlord  
  34  3:11  Queen  
  35  3:22  Drone x2  
  35  3:23  Overlord, Drone  
  35  3:25  Drone x2  
  40  3:31  Drone x2  
  42  3:39  Overlord  
  42  3:43  Spore Crawler  
  42  3:44  Drone x2  
  43  3:50  Queen  
  43  3:52  Drone x3  
  48  3:57  Roach Warren  
  47  4:06  Lair  
  47  4:18  Queen  
  47  4:20  Drone  
  47  4:21  Drone x6  
  56  4:26  Drone, Extractor  
  56  4:27  Drone, Extractor  
  56  4:28  Drone  
  56  4:30  Drone  
  58  4:38  Roach x3  
  64  4:41  Overlord  
  64  4:52  Drone  
  63  5:03  Roach x6  
  62  5:09  Roach x3  
  59  5:15  Roach  
  52  5:36  Drone x3  
  44  6:06  Roach x2  
  44  6:09  Ravager  
  48  6:24  Ravager  
  49  6:39  Ravager  
  47  6:40  Ravager  
  47  6:51  Ravager  
Show
View Real Time Build Order
Export as new Build Order

Harstem Protoss - Winner!

Build Orders: 1 Gate Expand, Mass Adepts 

Get SALT Encoding   

  12  0:01  Probe  
  13  0:14  Probe  
  14  0:20  Pylon  
  14  0:26  Probe  
  15  0:34  Probe  
  15  0:42  Probe, Gateway  
  17  0:52  Probe, Assimilator  
  18  1:04  Probe  
  19  1:12  Gateway  
  19  1:16  Probe  
  20  1:30  Cybernetics Core  
  20  1:44  Nexus  
  20  1:51  Pylon  
  20  1:55  Probe  
  20  1:58  Adept  
  20  1:59  Adept  
  23  2:12  Warp Gate  
  23  2:15  Probe  
  26  2:26  Adept  
  26  2:29  Adept  
  30  2:33  Probe  
  31  2:37  Pylon  
  31  2:45  Assimilator  
  31  2:57  Twilight Council  
  32  2:58  Probe  
  32  3:03  Probe  
  33  3:05  Resonating Glaives  
  33  3:08  Adept  
  33  3:10  Probe  
  36  3:17  Probe  
  37  3:22  Probe  
  37  3:24  Gateway  
  38  3:29  Probe  
  39  3:34  Probe  
  39  3:41  Probe  
  41  3:47  Probe  
  42  3:51  Pylon  
  42  3:53  Probe  
  43  3:59  Probe  
  43  4:00  Adept  
  43  4:01  Adept  
  48  4:03  Pylon  
  48  4:05  Probe  
  49  4:11  Probe  
  50  4:17  Probe  
  50  4:19  Adept  
  50  4:21  Adept x2  
  57  4:28  Probe, Robotics Facility  
  57  4:30  Probe  
  59  4:32  Assimilator  
  59  4:37  Assimilator  
  59  4:40  Sentry, Probe  
  59  4:43  Probe  
  59  4:45  Pylon  
  63  4:52  Probe  
  64  5:00  Probe  
  63  5:09  Immortal  
  63  5:13  Probe  
  69  5:23  Sentry x2  
  69  5:26  Sentry, Probe  
  75  5:33  Nexus  
  71  5:35  Pylon  
  71  5:41  Immortal  
  67  5:53  Gateway  
  67  5:54  Gateway  
  67  5:56  Sentry x2, Gateway  
  67  6:05  Sentry  
  67  6:07  Immortal  
  67  6:08  Probe, Gateway  
  67  6:10  Pylon  
  68  6:12  Shield Battery  
  69  6:23  Adept  
  69  6:25  Adept  
  76  6:28  Probe x2  
  78  6:33  Adept  
  80  6:44  Adept  
  86  6:49  Adept x2  
Tags
 
Add a new tag
Caveats
  • Supply blocks, unpowered buildings, or Contaminate may cause inaccurate times.
  • Supply counts are checked every 10 seconds.